 Dungeon Crawl Stone Soup version 0.25.1-11-g244df3a29b (webtiles) character file.

Game seed: 5492186402982733715

883 solopath the Frost Mage (level 8, 12/52 HPs)
             Began as a Barachi Ice Elementalist on Jan 27, 2021.
             Quit the game on level 3 of the Dungeon on Jan 14, 2024.
             The game lasted 00:07:35 (4220 turns).

solopath the Frost Mage (Barachi Ice Elementalist)  Turns: 4220, Time: 00:07:35

Health: 12/52      AC:  3    Str: 10    XL:     8   Next: 5%
Magic:  12/15      EV: 12    Int: 17    God:
Gold:   153        SH:  0    Dex: 13    Spells: 12/16 levels left

rFire    + . .     SeeInvis .   e - +0 dagger
rCold    + . .     Gourm    .   (no shield)
rNeg     . . .     Faith    .   a - +0 robe
rPois    .         Spirit   .   (no helmet)
rElec    .         Reflect  .   j - scarf {rC+ rF+}
rCorr    .         Harm     .   f - +0 pair of gloves
MR       .....                  (no boots)
Stlth    +++.......             (no amulet)
HPRegen  0.17/turn              (no ring)
MPRegen  0.14/turn              (no ring)

@: slow
A: +LOS, swims, slowness 1, strong legs 1
a: Hop


You were on level 3 of the Dungeon.
You were not hungry.

You visited 1 branch of the dungeon, and saw 4 of its levels.

You collected 153 gold pieces.

Inventory:

Hand Weapons
 e - a +0 dagger (weapon)
Armour
 a - a +0 robe (worn)
 f - a +0 pair of gloves (worn)
 j - a scarf of resistance (worn)
Wands
 i - a wand of flame (16)
Scrolls
 b - 2 scrolls of teleportation {unknown}
 k - 2 scrolls of enchant armour {unknown}
 l - 2 scrolls of identify {unknown}
Potions
 d - 2 potions of brilliance {unknown}
 g - 2 potions of curing
 h - 3 potions of heal wounds {unknown}
 m - a potion of lignification {unknown}
 n - a potion of degeneration {unknown}
 o - a potion of berserk rage {unknown}
Comestibles
 c - 6 rations


   Skills:
 - Level 2.4 Short Blades
 - Level 2.1 Dodging
 + Level 4.5 Stealth
 + Level 4.6 Spellcasting
 * Level 8.7 Ice Magic


You had 12 spell levels left.
You knew the following spells:

 Your Spells              Type           Power        Failure   Level  Hunger
a - Freeze                Ice            ####         1%          1    None
b - Frozen Ramparts       Ice            ####..       1%          3    ###....

Your spell library contained the following spells:

 Spells                   Type           Power        Failure   Level  Hunger
 Ozocubu's Armour         Chrm/Ice       ###.....     8%          3    ###....
 Hailstorm                Conj/Ice       ###.....     24%         4    ####...
 Summon Ice Beast         Ice/Summ       ###.....     24%         4    ####...


Dungeon Overview and Level Annotations

Branches:
Dungeon (4/15)
 Temple: D:4-7

Altars:
Ru
Xom
The Shining One

Shops:
D:4 :


Innate Abilities, Weirdness & Mutations

You can be seen from farther away. (+LOS)
You can swim through water.
You cover ground slowly.
You can hop short distances.


Message History

You are too injured to fight recklessly!
You hit the phantom.
The phantom is lightly damaged.
The phantom hits you but does no damage.
You hit the phantom.
The phantom is lightly damaged.
The phantom hits you!
* * * LOW HITPOINT WARNING * * *
You hit the phantom but do no damage.
The phantom is lightly damaged.
The phantom blinks!
You climb upwards.
There is a stone staircase leading down here.
You start resting.
You are ready to hop once more.
You see here a robe.
Saving game... please wait.
Welcome back, solopath the Barachi Ice Elementalist.
Press ? for a list of commands and other information.
Are you sure you want to abandon this character and quit the game? (Confirm with "yes".)

..#########......(......##.#
###..............#########.#
#.###.###.####.# #.#
#.###.###.# #.#########.#
#.##...##.# #...........#
###.#..(()#.####.###########
.................#
............####.#
####.......#####@#
##>..[........#
##...######### #####


There were no monsters in sight!

Vanquished Creatures
  Pikel (D:4)
  Duvessa (D:4)
  2 slaves (D:4)
  Dowan (D:4)
  An orc wizard (D:4)
  A centaur skeleton (D:4)
  An orc priest (D:4)
  Terence (D:2)
  8 adders
  A worm (D:2)
  3 dart slugs
  2 leopard geckos
  10 orcs
  A ball python (D:2)
  11 bats
  5 giant cockroaches
  12 goblins
  3 hobgoblins
  2 jackals (D:2)
  2 quokkas
  4 frilled lizards
  8 kobolds
  3 rats (D:3)
84 creatures vanquished.

Notes
Turn   | Place    | Note
-------+----------+-------------------------------------------
     0 | D:1      | solopath the Barachi Ice Elementalist began the quest for
                  | the Orb.
     0 | D:1      | Reached XP level 1. HP: 13/13 MP: 3/3
   244 | D:1      | Reached skill level 5 in Ice Magic
   327 | D:1      | Reached XP level 2. HP: 17/19 MP: 1/5
   764 | D:1      | Reached skill level 1 in Short Blades
   791 | D:1      | Reached XP level 3. HP: 24/24 MP: 6/6
  1278 | D:2      | Learned a level 3 spell: Frozen Ramparts
  1312 | D:2      | Reached XP level 4. HP: 24/30 MP: 1/7
  1940 | D:2      | Found a shimmering altar of Xom.
  2097 | D:2      | Noticed Terence
  2110 | D:2      | Killed Terence
  2110 | D:2      | Reached skill level 6 in Ice Magic
  2110 | D:2      | Reached XP level 5. HP: 35/35 MP: 0/9
  2944 | D:3      | Found a glowing golden altar of the Shining One.
  3482 | D:4      | Found Syvotul's Book Emporium.
  3515 | D:4      | Noticed a slave
  3547 | D:4      | Killed a slave
  3692 | D:4      | Noticed a slave
  3693 | D:4      | Noticed Pikel
  3709 | D:4      | Killed a slave
  3757 | D:4      | Noticed a slave
  3757 | D:4      | Noticed a slave
  3779 | D:4      | Killed Pikel
  3779 | D:4      | Reached skill level 8 in Ice Magic
  3779 | D:4      | Reached XP level 6. HP: 5/41 MP: 1/12
  3779 | D:4      | Reached XP level 7. HP: 6/46 MP: 1/13
  4049 | D:4      | Found a sacrificial altar of Ru.
  4138 | D:4      | Noticed Dowan
  4138 | D:4      | Noticed Duvessa
  4143 | D:4      | Killed Dowan
  4146 | D:4      | Killed Duvessa
  4151 | D:4      | Reached XP level 8. HP: 31/52 MP: 8/14
  4220 | D:3      | Upgraded the game from 0.25.1-9-gc5326a611f to
                  | 0.25.1-11-g244df3a29b
  4220 | D:3      | Quit the game

Illustrated notes

Levels and vault maps discovered:
D:1:      erik_arrival_orb_chamber, layout_loops_corners
D:2:      layout_basic, old_standard_altar, minmay_heptomino_h4, uniq_terence
D:3:      layout_loops_ring, overflow_temple_1_default
D:4:      layout_basic, nicolae_overflow_hidden_temple, cheibriados_altar_1,
          serial_shops, shop, uniq_grinder, uniq_duvessa, uniq_pikel

Skill      XL: |  1  2  3  4  5 |
---------------+----------------+-----
Ice Magic      | 5 6 8 |  8.7
Stealth        | 2 4 |  4.5
Short Blades   | 1 2 |  2.4
Spellcasting   | 3 4 |  4.6
Dodging        | |  2.1

Action                   |  1- 3 |  4- 6 |  7- 9 || total
-------------------------+-------+-------+-------++-------
Melee: Dagger            |    24 |    49 |    24 ||    97
 Cast: Freeze            |    39 |    43 |     3 ||    85
       Frozen Ramparts   |       |    11 |     3 ||    14
 Abil: Hop               |     1 |       |     1 ||     2
  Use: Potion            |       |       |     1 ||     1
 Stab: Sleeping          |     4 |     3 |       ||     7
  Eat: Chunk             |     2 |     9 |     1 ||    12
       Ration            |       |       |     1 ||     1
Armor: Robe              |    21 |    19 |     6 ||    46
Dodge: Dodged            |    42 |    48 |    11 ||   101
